 Dungeon Crawl Stone Soup version 0.25-a0-479-g8579842fd4 (console) character file.

Game seed: 7725732744488742289, levelgen mode: deterministic

555 utis the Skirmisher (level 7, 0/44 HPs)
             Began as a Tengu Wanderer on Feb 9, 2020.
             Killed by divine providence
             ... invoked by an orc priest
              (13 damage)
             ... on level 5 of the Dungeon.
             The game lasted 00:10:45 (5911 turns).

utis the Skirmisher (Tengu Wanderer)                Turns: 5911, Time: 00:10:46

Health: 0/44       AC: 12    Str: 14    XL:     7   Next: 30%
Magic:  11/11      EV:  7    Int: 20    God:
Gold:   268        SH:  2    Dex: 11    Spells: 10/10 levels left

rFire    . . .     SeeInvis .   a - +1 flail (drain)
rCold    . . .     Gourm    .   (no shield)
rNeg     . . .     Faith    .   B - +1 plate armour
rPois    .         Spirit   .   (helmet restricted)
rElec    .         Reflect  +   (no cloak)
rCorr    .         Harm     .   (no gloves)
MR       .....                  (boots unavailable)
Stlth    ..........             h - +2 amulet of reflection
HPRegen  0.14/turn              E - +2 ring of evasion
MPRegen  0.12/turn              I - +5 ring of intelligence

@: flying quickly and evasively, quick
A: beak, talons 3, able to fly
a: Stop Flying


You were on level 5 of the Dungeon.
You were not hungry.

You visited 1 branch of the dungeon, and saw 5 of its levels.

You collected 268 gold pieces.

Inventory:

Hand Weapons
 a - a +1 flail of draining (weapon)
 b - a +0 hunting sling of flaming
 d - a +2 dagger
 C - a +0 hunting sling
 D - a +0 quarterstaff
Missiles
 l - 149 stones (quivered)
 r - 29 poisoned darts
 t - a curare-tipped dart {=f}
Armour
 e - a +0 robe
 g - a +0 chain mail
 B - a +1 plate armour (worn)
Jewellery
 h - a +2 amulet of reflection (around neck)
 E - a +2 ring of evasion (left hand)
 F - an uncursed ring of fire
 I - a +5 ring of intelligence (right hand)
 W - an uncursed ring of magical power
Scrolls
 m - a scroll of fog
 o - a scroll of fear
 q - a scroll of amnesia
 w - 2 scrolls of noise
 x - a scroll of remove curse {@r2}
 y - 2 scrolls of enchant armour
 z - a scroll of teleportation {@r4}
Potions
 c - 6 potions of curing {@q1}
 k - a potion of haste {@q3}
 p - 3 potions of heal wounds {@q2}
 u - 3 potions of agility
 v - a potion of invisibility
 A - a potion of magic
Comestibles
 f - 7 rations {@e1}
 i - a chunk of flesh


   Skills:
 + Level 4.7 Fighting
 + Level 2.3(3.2) Maces & Flails
 - Level 3.3(3.7) Staves
 - Level 1.0 Throwing
 + Level 3.6 Armour
 - Level 3.0 Dodging
 - Level 2.0 Stealth
   Level 1.0 Shields
 - Level 2.0 Spellcasting
   Level 1.1 Fire Magic


You had 10 spell levels left.
You didn't know any spells.
Your spell library contained the following spells:

 Spells                   Type           Power        Failure   Level  Hunger
 Confusing Touch          Hex            #.......     100%        3    ###....
 Gell's Gravitas          Tloc           #.........   100%        3    ###....
 Petrify                  Tmut/Erth      #.......     100%        4    #####..
 Metabolic Englaciation   Hex/Ice        #.........   100%        5    ######.
 Yara's Violent Unravell  Hex/Tmut       #.........   100%        5    ######.


Dungeon Overview and Level Annotations

Branches:
Dungeon (5/15)             Temple (0/1) D:5

Altars:
Elyvilon
Okawaru

Annotations:
D:4 3 runed translucent doors, Subbak's ghost, amateur BaCj
D:5 Dowan; Duvessa


Innate Abilities, Weirdness & Mutations

You have a beak for a mouth.
You have claws for feet.
You can fly continuously.


Message History

You claw the orc warrior, but do no damage.
The orc warrior is heavily wounded.
You block the orc warrior's attack.
The orc priest hits you but does no damage.
The orc wizard shouts!
The orc priest hits you but does no damage.
The orc shouts!
The orc wizard casts a spell at you. The magic dart hits you.
* * * LOW HITPOINT WARNING * * *
The orc priest calls upon Beogh to heal the orc warrior.
The orc warrior is healed somewhat.
The orc priest calls down the wrath of Beogh upon you.
Pain shoots through your body!
* * * LOW HITPOINT WARNING * * *
The orc wizard gestures wildly while chanting.
The orc wizard blinks!
The orc priest invokes the aid of Beogh against you.
Beogh smites you!
You die...

░...░....░...░...▒▒▒.▒..░.....░░
░...░....░..░░.....▒.▒o.░.....░░
░..o░....░...░...g......░.....░░
░...░....░...░......▒...░......░
░...░....░..░░....░..oo.)[.....░
░...░....░..░░░░░░░░og.░░.....░░
g..➘░....░.............░░.....░░
.░...░...░░..░░...o.............░
.░...░...░░)░░░.Q...............░
░....░.<...................░
░.....................░
░░░░░░░░░░░░░░░░░░░░░░░


You could see an orc warrior, an orc priest, a gnoll and 2 orcs.

Vanquished Creatures
  A centaur (D:5)
  A jelly (D:5)
  A bullfrog skeleton (D:5)
  An orc priest (D:5)
  4 orc wizards
  3 worker ants
  A worker ant zombie (D:5)
  9 adders
  A gnoll (D:1)
  A shadow imp (D:5)
  2 dart slugs (D:2)
  2 leopard geckos
  10 orcs
  6 bats
  2 giant cockroaches
  3 goblins
  5 hobgoblins
  3 jackals (D:4)
  4 quokkas
  2 ball pythons
  10 frilled lizards
  8 kobolds
  3 rats
83 creatures vanquished.

Notes
Turn   | Place    | Note
-------+----------+-------------------------------------------
     0 | D:1      | utis the Tengu Wanderer began the quest for the Orb.
     0 | D:1      | utis set off with the following items: a +2 dagger, a
                  | curare-tipped dart {=f}, a potion of curing {@q1}, a +0
                  | quarterstaff, a +0 robe, a ration {@e1}
     0 | D:1      | Reached XP level 1. HP: 12/12 MP: 4/4
     6 | D:1      | Reached skill level 1 in Dodging
     6 | D:1      | Reached XP level 2. HP: 18/18 MP: 6/6
   580 | D:2      | Reached XP level 3. HP: 22/22 MP: 7/7
  1151 | D:2      | Reached XP level 4. HP: 8/27 MP: 8/8
  1427 | D:2      | Reached skill level 3 in Fighting
  2754 | D:3      | Found a faded altar of an unknown god.
  3092 | D:4      | Reached skill level 1 in Armour
  3092 | D:4      | Gained mutation: You can fly continuously. [Tengu growth]
  3092 | D:4      | Reached XP level 5. HP: 32/32 MP: 9/9
  3455 | D:4      | Found a white marble altar of Elyvilon.
  3665 | D:4      | Found a runed translucent gate.
  3665 | D:4      | Found a runed translucent gate.
  3665 | D:4      | Found a runed translucent gate.
  3666 | D:4      | Noticed Subbak's ghost (amateur BaCj)
  3754 | D:5      | Entered Level 5 of the Dungeon
  4064 | D:5      | Found a staircase to the Ecumenical Temple.
  4206 | D:4      | Reached XP level 6. HP: 27/38 MP: 10/10
  4550 | D:5      | Reached skill level 4 in Fighting
  5211 | D:5      | Reached skill level 1 in Maces & Flails
  5226 | D:5      | Reached XP level 7. HP: 16/44 MP: 11/11
  5453 | D:5      | Noticed Duvessa
  5453 | D:5      | Noticed Dowan
  5643 | D:5      | Found an iron altar of Okawaru.
  5911 | D:5      | Killed from afar by an orc priest

Levels and vault maps discovered:
D:1:      saegor_arrival_simple_b, layout_rooms
D:2:      layout_rooms
D:3:      layout_basic, chequers_ecumenical_altar_grove
D:4:      layout_basic, first_ration, gammafunk_ghost_necromancy,
          small_statue_intersection, elyvilon_altar_3
D:5:      layout_gridville, minmay_temple_entry_slanted, minmay_misc_feat_roman,
          okawaru_ov_weapons_minmay, uniq_duvessa

Skill      XL: |  1  2  3  4  5  6  7 |
---------------+----------------------+-----
Dodging        | 1 2 3 |  3.0
Fighting       | 3 4 |  4.7
Staves         | 2 3 |  3.3
Armour         | 1 2 3 |  3.6
Maces & Flails | 1 2 |  2.3
Throwing       | |  1.0
Stealth        | |  2.0
Shields        | |  1.0
Spellcasting   | |  2.0
Fire Magic     | |  1.1

Action                   |  1- 3 |  4- 6 |  7- 9 || total
-------------------------+-------+-------+-------++-------
Melee: Dagger            |    15 |       |       ||    15
       Kick              |    10 |    34 |     6 ||    50
       Quarterstaff      |    56 |   165 |       ||   221
       Peck              |     8 |    21 |     4 ||    33
       Flail             |       |    41 |    25 ||    66
 Fire: Hunting sling     |    26 |     4 |       ||    30
Throw: Dart              |     1 |       |       ||     1
       Stone             |       |     1 |     1 ||     2
 Abil: Fly               |       |     1 |       ||     1
  Use: Scroll            |       |     6 |     9 ||    15
       Potion            |       |     1 |       ||     1
  Eat: Chunk             |     1 |    13 |     2 ||    16
Armor: Chain mail        |    58 |    46 |       ||   104
       Robe              |     2 |       |       ||     2
       Plate armour      |       |    93 |    19 ||   112
Dodge: Dodged            |    23 |    74 |     9 ||   106
Block: Other             |     3 |    20 |     2 ||    25
       Reflection        |     1 |       |       ||     1

Table legend:
 A = Non-vault XP
 B = Vault XP
 C = Vault XP percentage of total XP
 D = Non-vault monster count
 E = Vault monster count
 F = Vault count percentage of total count
                 A         B        C        D         E       F
            +---------+---------+-------+---------+---------+-------
      Total |     793 |       0 |   0.0 |      83 |       0 |   0.0
            +---------+---------+-------+---------+---------+-------
        D:1 |      30 |       0 |   0.0 |      11 |       0 |   0.0
        D:2 |      73 |       0 |   0.0 |      22 |       0 |   0.0
        D:3 |      61 |       0 |   0.0 |      16 |       0 |   0.0
        D:4 |     165 |       0 |   0.0 |      16 |       0 |   0.0
        D:5 |     464 |       0 |   0.0 |      18 |       0 |   0.0
            +---------+---------+-------+---------+---------+-------
